 Dungeon Sprint DCSS version 0.31-a0-557-g6e16503903 (webtiles) character file.

Game seed: 17119527526536613068

269 Midn8 the Unseen (level 6, -4/28 HPs)
             Began as a Felid Shapeshifter on Aug 17, 2023.
             Was an Initiate of Dithmenos.
             Shot with an arrow by a spriggan rider (32 damage)
             ... in the Dungeon (Sprint IV: "Fedhas' Mad Dash").
             The game lasted 00:02:42 (289 turns).

Midn8 the Unseen (Felid Shapeshifter)                Turns: 289, Time: 00:02:42

Health: -4/28      AC:  2    Str: 11    XL:     6   Next: 1%
Magic:  7/7        EV: 17    Int:  9    God:    Dithmenos [......]
Gold:   78         SH:  0    Dex: 19    Spells: 5/5 levels left
                                        Lives:  0   Deaths: 1

rFire   . .          .
                       - Unarmed
rCold   . . .        (shield unavailable)
rNeg    . . .        (body armour unavailable)
rPois   .            (helmet unavailable)
rElec   .            (cloak unavailable)
rCorr   .            (gloves unavailable)
SInv    +            (boots unavailable)
Will    .....        a - amulet of invisibility {+Inv}
Stlth   ++++++       (no ring)
HPRegen 0.24/turn    (no ring)
MPRegen 0.10/turn

%: no teleportation
@: beast-form, quick
A: beast (slay +2), very small, claws 1, fangs 3, see invisible, speed 1, shaggy
fur 2, stealthy paws, no weapons or thrown items, no armour, multi-lived
a: Begin Untransformation, Renounce Religion, Evoke Invisibility


You were in the Dungeon.
You worshipped Dithmenos.
Dithmenos was noncommittal.
You were a hulking beast.
You visited 1 branch You collected 78 gold pieces.

Inventory:

Jewellery
 a - the amulet of invisibility (around neck) {+Inv}
   (You found it in the Dungeon)

   [amulet of nothing]

   +Inv:      It lets you turn invisible.
Talismans
 b - a beast talisman (active)
 c - a flux talisman
Scrolls
 i - a scroll of blinking
Potions
 d - a potion of curing
 e - a potion of heal wounds
 f - a potion of haste
 g - 2 potions of magic
 h - a potion of berserk rage


   Skills:
 - Level 4.0 Fighting
 - Level 2.6 Dodging
 - Level 15.0 Stealth
 + Level 6.1 Unarmed Combat
 - Level 6.0 Evocations
 - Level 3.2 Shapeshifting


You had 5 spell levels left.
You didn't know any spells.
Your spell library was empty.

Dungeon Overview and Level Annotations

Branches:
Dungeon (1/1)

Altars:
Cheibriados
Dithmenos
Elyvilon
Gozag
Hepliaklqana
Kikubaaqudgha
Makhleb
Nemelex Xobeh
Okawaru
Qazlal
Ru
Sif Muna
Trog
Uskayaw
Vehumet
Wu Jian
Xom
Yredelemnul
Zin
The Shining One
Jiyva
Lugonu


Innate Abilities, Weirdness & Mutations

You are a hulking beast.
Your limbs bulge with bestial killing power. (Slay +2)
You have sharp claws.
You have razor-sharp teeth.
You have supernaturally acute eyesight. (SInv)
You cover ground quickly. (Speed+)
You are covered in thick fur. (AC +2)
Your paws help you pounce on unaware monsters.
You are incapable of wielding weapons or throwing items.
You cannot wear armour.
You gain extra lives every three experience levels.


Message History

The killer bee is moderately wounded.
* * * LOW HITPOINT WARNING * * *
You feel sick.
Unknown command.
You catch the helpless queen bee completely off-guard!
You mangle the queen bee!!
The queen bee is heavily wounded.
* * * LOW HITPOINT WARNING * * *
You feel sick. The queen bee misses you.
Unknown command.
The killer bee buzzes angrily. x2
You scratch the queen bee.
The queen bee is severely wounded.
* * * LOW HITPOINT WARNING * * *
You feel sick. The queen bee stings you!!
Ouch! That really hurt!
You die...
Your shape twists and changes as you die.
You are now level 4!
You rejoin the land of the living...
A ballistomycete spore and a spriggan come into view.
The helpless spriggan fails to defend itself.
You eviscerate the spriggan!!!
You kill the spriggan!
Dithmenos accepts your kill.
The ballistomycete spore waves its rhizomes.
Training target 12.0 for Stealth reached!
Your Stealth skill increases to level 12!
You need to enable at least one skill for training.
Training target 15.0 for Stealth reached!
Your Stealth skill gained 3 levels and is now at level 15!
You need to enable at least one skill for training.
Welcome back to level 5!
You have reached level 6!
Your fur grows into a thick mane.
You fail to use your ability.
A spriggan rider comes into view.
It is wielding the +8 storm bow {elec, penet}.
The spriggan rider shoots an arrow.
The arrow pierces through you!!
Ouch! That really hurt!
You die...

#..y..y♣.....#...#############
#.....♣†.♣..######
##+####+#####
#################
.................
.................
.....*...h......i
.................
#######+#########


You could see a spriggan rider and a ballistomycete spore.

Vanquished Creatures
  A spriggan (D)
  A scorpion (D)
  A killer bee (D)
  3 oklob saplings (D)
  A river rat (D)
  A rat (D)
8 creatures vanquished.

Notes
Turn   | Place    | Note
-------+----------+-------------------------------------------
     0 | D        | Midn8 the Felid Shapeshifter began the quest for the Orb.
     0 | D        | Reached XP level 1. HP: 9/9 MP: 2/2
    11 | D        | Reached skill level 3 in Stealth
    11 | D        | Reached XP level 2. HP: 12/12 MP: 3/3
    17 | D        | Reached skill level 4 in Stealth
   161 | D        | Noticed an oklob sapling
   162 | D        | Killed an oklob sapling
   163 | D        | Reached skill level 6 in Stealth
   163 | D        | Reached skill level 5 in Unarmed Combat
   163 | D        | Reached XP level 3. HP: 15/15 MP: 4/4
   165 | D        | Noticed a scorpion
   165 | D        | Found the amulet of invisibility {+Inv}
   167 | D        | Killed a scorpion
   168 | D        | Reached skill level 9 in Stealth
   168 | D        | Reached XP level 4. HP: 21/21 MP: 5/5
   195 | D        | Found an opulent altar of Gozag.
   195 | D        | Found a hazy altar of Hepliaklqana.
   195 | D        | Found a snail-covered altar of Cheibriados.
   196 | D        | Found a viscous altar of Jiyva.
   196 | D        | Found a burning altar of Makhleb.
   196 | D        | Found a sparkling altar of Nemelex Xobeh.
   196 | D        | Found a sacrificial altar of Ru.
   196 | D        | Found a shimmering blue altar of Sif Muna.
   196 | D        | Found a bloodstained altar of Trog.
   196 | D        | Found an ornate altar of the Wu Jian Council.
   196 | D        | Found a shimmering altar of Xom.
   196 | D        | Found a basalt altar of Yredelemnul.
   197 | D        | Found an iron altar of Okawaru.
   197 | D        | Found a shadowy altar of Dithmenos.
   197 | D        | Found a glowing silver altar of Zin.
   198 | D        | Found a hide-covered altar of Uskayaw.
   198 | D        | Found an ancient bone altar of Kikubaaqudgha.
   199 | D        | Found a stormy altar of Qazlal.
   199 | D        | Found a glowing golden altar of the Shining One.
   199 | D        | Found a white marble altar of Elyvilon.
   200 | D        | Found a radiant altar of Vehumet.
   200 | D        | Found a corrupted altar of Lugonu.
   207 | D        | Reached XP level 5. HP: 25/25 MP: 6/6
   211 | D        | Became a worshipper of Dithmenos the Shadowed
   236 | D        | Noticed a queen bee
   283 | D        | Reached skill level 11 in Stealth
   285 | D        | Demolished by a queen bee
   286 | D        | Reached XP level 4. HP: -16/22 MP: 5/5
   286 | D        | Noticed a spriggan
   287 | D        | Killed a spriggan
   288 | D        | Reached skill level 12 in Stealth
   288 | D        | Reached skill level 15 in Stealth
   288 | D        | Reached XP level 5. HP: 25/25 MP: 6/6
   288 | D        | Gained mutation: You are covered in thick fur. (AC +2)
                  | [Felid growth]
   288 | D        | Reached XP level 6. HP: 28/28 MP: 7/7
   289 | D        | Noticed a spriggan rider
   289 | D        | Shot with an arrow by a spriggan rider

Illustrated notes

Levels and vault maps discovered:
D:        dungeon_sprint_fedhas [sprint_temple]

Skill      XL: |  1  2  3  4  5 |
---------------+----------------+-----
Stealth        | 3 6 9 15 11 | 15.0
Unarmed Combat | 4 5 6 |  6.1
Fighting       | 3 4 |  4.0
Evocations     | 6 |  6.0
Dodging        | |  2.6
Shapeshifting  | |  3.2

Action                     |  1- 3 |  4- 6 || total
---------------------------+-------+-------++-------
  Melee: Unarmed           |     7 |    12 ||    19
         Bite              |       |     1 ||     1
Ability: Evoke Invisibilit |       |     3 ||     3
    Use: Potion            |     1 |       ||     1
   Stab: Sleeping          |     2 |     2 ||     4
         Invisible         |       |     3 ||     3
 Armour: Skin              |     3 |       ||     3
  Dodge: Dodged            |       |     5 ||     5

Table legend: (Time is in decaauts)
 A = Elapsed time spent in this place.
 B = Non-inter-level travel time spent in this place.
 C = Inter-level travel time spent in this place.
 D = Time resting spent in this place.
 E = Time spent auto-exploring this place.
 F = Levels seen in this place.
 G = Mean time per level.
                   A        B        C        D        E       F      G
               +--------+--------+--------+--------+--------+-----+--------+
         Total |    273 |    273 |      0 |    169 |      0 |   1 |  273.0 |
       Dungeon |    273 |    273 |      0 |    169 |      0 |   1 |  273.0 |
               +--------+--------+--------+--------+--------+-----+--------+

Top non-repeatable levels by time:
       D: 273 daAuts
